 Dungeon Sprint DCSS version 0.27-a0-203-gd48b2df3c9 (webtiles) character file.

Game seed: 15251837956045824449

8 mhtbhm the Ruffian (level 2, 0/21 HPs)
             Began as a Formicid Transmuter on Jan 30, 2021.
             Slain by a phantom (9 damage)
             ... in the Dungeon (Sprint IX: "|||||||||||||||||||||||||||||").
             The game lasted 00:00:16 (123 turns).

mhtbhm the Ruffian (Formicid Transmuter)             Turns: 123, Time: 00:00:17

Health: 0/21       AC:  2    Str: 14    XL:     2   Next: 15%
Magic:  3/5        EV: 12    Int: 12    God:
Gold:   0          SH:  0    Dex: 11    Spells: 3/6 levels left

rFire    . . .     SeeInvis +     - Unarmed
rCold    . . .     Faith    .   (no shield)
rNeg     . . .     Spirit   .   a - +0 robe
rPois    .         Reflect  .   (helmet unavailable)
rElec    .         Harm     .   (no cloak)
rCorr    .         Rampage  .   (no gloves)
Will     .....                  (no boots)
Stlth    +.........             (no amulet)
HPRegen  0.07/turn              (no ring)
MPRegen  0.09/turn              (no ring)

@: lethally poisoned (0 -> -7), wereblooded (expiring)
A: permanent stasis, dig shafts and tunnels, four strong arms, antennae 3
a: Dig


You were in the Dungeon.
You visited 1 branch

Inventory:

Armour
 a - a +0 robe (worn)
Potions
 c - a potion of curing
 e - 2 potions of magic


   Skills:
 + Level 1.1 Fighting
 + Level 2.1 Dodging
 + Level 4.3 Unarmed Combat
 + Level 2.6 Spellcasting
 + Level 2.6 Transmutations


You had 3 spell levels left.
You knew the following spells:

 Your Spells              Type           Power        Failure   Level
a - Beastly Appendage     Tmut           14%          9%          1
b - Wereblood             Tmut           7%           13%         2

Your spell library contained the following spells:

 Spells                   Type           Power        Failure   Level
 Spider Form              Tmut/Pois      2%           41%         3
 Ice Form                 Ice/Tmut       4%           83%         4
 Blade Hands              Tmut           3%           94%         5


Dungeon Overview and Level Annotations

Branches:
Dungeon (1/1)

Altars:


Innate Abilities, Weirdness & Mutations

You cannot be hasted, slowed, berserked, paralysed or teleported.
You can dig through walls and to a lower floor.
Your four strong arms can wield two-handed weapons with a shield.
You have a pair of large antennae on your head. (SInv)


Message History

You feel much better.
Your talons disappear.
Your primal bloodlust is almost over.
The orc closely misses you.
You hit the orc.
The orc is heavily wounded.
The orc hits you with a +0 short sword of speed.
You hit the orc.
You kill the orc!
Unknown command.
You miss the adder. The adder barely misses you. The phantom hits you.
The phantom blinks!
The adder closely misses you.
You hit the adder.
The adder is moderately wounded.
The phantom barely misses you. The adder bites you.
You are poisoned.
The adder poisons you!
You closely miss the adder.
The adder is moderately wounded.
You feel sick. The phantom hits you!
You die... ▓▓▓▓▓▓▓▓▓▓▓▓▓▓▓▓▓▓ ▓<...)...W@S5Z...+ ▓▓▓▓▓▓▓▓▓▓▓▓▓▓▓▓▓▓

You could see a phantom, an adder, an ufetubus and a bat skeleton.

Vanquished Creatures
  An orc (D)
  2 bats (D)
  A goblin (D)
  A kobold (D)
  A rat (D)
6 creatures vanquished.

Notes
Turn   | Place    | Note
-------+----------+-------------------------------------------
     0 | D        | mhtbhm the Formicid Transmuter began the quest for the Orb.
     0 | D        | Reached XP level 1. HP: 15/15 MP: 3/3
    19 | D        | Reached skill level 4 in Unarmed Combat
    19 | D        | Reached XP level 2. HP: 15/21 MP: 3/5
    22 | D        | Learned a level 2 spell: Wereblood
   105 | D        | Noticed a phantom
   123 | D        | Slain by a phantom

Illustrated notes

Levels and vault maps discovered:
D:        linesprint [early_d, line_temple, items_1, d_10, items_2, lair_1,
          lair_end, items_3, orc_1, orc_end, items_4, d_15, swamp_1, shoals_1,
          snake_1, spider_1, d_20, vaults_1, items_5, swamp_end, shoals_end,
          snake_end, spider_end, vaults_end, d_27, items_6, zot_1, zot_end,
          crypt_end, forest_end, elf_end, slime_end, tomb_end, abyss_end,
          pan_hell_end]

Skill      XL: |  1 |
---------------+----+-----
Dodging        | 2 |  2.1
Unarmed Combat | 4 |  4.3
Fighting       | |  1.1
Spellcasting   | |  2.6
Transmutations | |  2.6

Action                   || total
-------------------------++-------
Melee: Unarmed           ||    30
       Kick              ||     2
 Cast: Beastly Appendage ||     2
       Wereblood         ||     1
  Use: Potion            ||     1
Armor: Robe              ||     7
Dodge: Dodged            ||    14

Table legend: (Time is in decaauts)
 A = Elapsed time spent in this place.
 B = Non-inter-level travel time spent in this place.
 C = Inter-level travel time spent in this place.
 D = Time resting spent in this place.
 E = Time spent auto-exploring this place.
 F = Levels seen in this place.
 G = Mean time per level.
                   A        B        C        D        E       F      G
               +--------+--------+--------+--------+--------+-----+--------+
         Total |    120 |    120 |      0 |     75 |      0 |   1 |  120.0 |
       Dungeon |    120 |    120 |      0 |     75 |      0 |   1 |  120.0 |
               +--------+--------+--------+--------+--------+-----+--------+

Top non-repeatable levels by time:
       D: 120 daAuts
